Unix NetHack Version 3.7.0-83 Work-in-progress - last build Apr 28 2023 12:05:44 (2625824c38750939014cf799bb7ff71c9e9c2d48,branch:master). Game began 2023-05-07 11:39:19, ended 2023-05-07 12:36:22. tromix, lawful male human Priest ---------- --------- --------- #.........-#### |......>| ######-.......| #|........|# # |.......| ############ |.....<.| #|.........###*#######-.......| #--------- #-.......| #|........|# # |.......| #-.......| #--------- #----------# ########........-########|.......| ## ## #### --------- #|.......| # # #* ###|........###### # ## ##### |.......| # # #########-.......-## # # ----- # # --------- # ----------# ###|...-######## ### |[(%%=)).|# #*...| # # ------- |%?*?%%!%-# |.(..####@q# # |.....| |*%%)?/).| |...| ##### |.....| ---------- ----- ##......| # |.....| ##......| ------- Tromix the Acolyte St:12 Dx:14 Co:11 In:10 Wi:18 Ch:12 Lawful Dlvl:4 $:2471 HP:0(27) Pw:54(54) AC:6 Exp:4 T:2847 Latest messages: The kitten eats a goblin corpse. You swap places with your kitten. M - 5 gray stones. What do you want to call? [ikps-uzAF-IM or ?*] M Call a gray stone: flintstone What do you want to drop? [$a-gikops-uzA-KM or ?*] M You drop 5 stones called flintstone. The kitten drops a stone called flintstone. The cave spider bites! You hit the cave spider! The cave spider bites! You kill the cave spider! You hit the rothe. You miss the rothe. The rothe hits! The rothe bites! The rothe bites again! You kill the rothe! Wait! There's a cave spider hiding under a rothe corpse! The cave spider just misses! You miss the cave spider. The cave spider bites! You miss the cave spider. The cave spider bites! You miss the cave spider. The cave spider bites! You miss the cave spider. The cave spider misses! You miss the cave spider. The cave spider bites! You miss the cave spider. The cave spider bites! You miss the cave spider. The cave spider bites! You miss the cave spider. The cave spider bites! You hit the cave spider! The cave spider bites! You hear someone counting gold coins. You miss the cave spider. The cave spider misses! You miss the cave spider. The cave spider bites! You kill the cave spider! You miss the rothe. The rothe hits! The rothe bites! The rothe bites again! You die... Do you want your possessions identified? [ynq] (y) q Inventory: Coins $ - 2471 gold pieces Weapons J - 4 blessed +0 daggers a - a blessed +1 mace (weapon in hand) Armor p - a +1 pair of leather gloves (being worn) c - a burnt +0 small shield (being worn) b - a blessed +0 robe (being worn) Comestibles D - 2 slime molds C - 2 cloves of garlic B - a lembas wafer f - a sprig of wolfsbane E - 3 tripe rations Scrolls A - a scroll of enchant armor k - a cursed scroll of enchant weapon i - a scroll of light Spellbooks g - a spellbook of light Potions z - a potion of enlightenment F - a blessed potion of gain energy u - a potion of restore ability d - 2 potions of holy water Rings s - a ring of protection from shape changers Wands K - a wand of digging (0:6) G - a wand of polymorph (0:7) H - a wand of striking (0:6) Tools e - a credit card o - a magic marker (0:87) Gems/Stones t - an amethyst stone I - a worthless piece of violet glass Tromix the Priest's attributes: Background: You were an Acolyte, a level 4 human Priest. You were lawful, nominally on a mission for Mercury who was opposed by Venus (neutral) and Mars (chaotic). You were in the Dungeons of Doom, on level 4. You entered the dungeon 2847 turns ago. There was a full moon in effect when your adventure ended. You had 135 experience points, 25 more were needed to attain level 5. Basics: You had 0 out of 27 hit points. You had all 54 energy points (spell power). Your armor class was 6. Your wallet contained 2471 zorkmids. Autopickup was off. Final Characteristics: Your strength was 12 (limit:18/100). Your dexterity was 14 (limit:18). Your constitution was 11 (limit:18). Your intelligence was 10 (limit:18). Your wisdom was 18 (limit:18). Your charisma was 12 (limit:18). Final Status: You were not hungry. You were unencumbered. You were wielding a mace. You had basic skill with mace. Final Attributes: You were piously aligned. You were guarded. You were lucky. You are dead. Miscellaneous: You disabled loading of bones levels. Total elapsed playing time was 57 minutes and 3 seconds. Major events: Turn 1: tromix the lawful human Priest entered the dungeon 549: entered the Gnomish Mines 1111: attained the rank of Acolyte (level 3) 2847: killed by a rothe Vanquished creatures: a gray ooze a little dog a floating eye a homunculus a rothe 2 orc zombies a dwarf zombie a gas spore 2 hobbits a large kobold 2 cave spiders 2 yellow molds a green mold a red mold 2 gnomes 2 garter snakes 9 jackals 3 foxes a kobold 2 goblins a grid bug 2 lichens a kobold zombie 6 newts 47 creatures vanquished. No species were genocided or became extinct. Voluntary challenges: You were an atheist. You read items or engraved 5 times. You never engraved Elbereth. You never genocided any monsters. You never polymorphed an object. You never changed form. You used no wishes. Achievements: You entered the Gnomish Mines. You attained the rank of Acolyte. You entered a shop. The Dungeons of Doom: levels 1 to 6 Level 1: A fountain. Level 2: An altar, a fountain. Stairs down to The Gnomish Mines. Level 3: A fountain. Level 4: <- You were here. A general store. Final resting place for you, killed by a rothe. Level 5: A fountain. Level 6: A fountain. The Gnomish Mines: Level 3: Game over: ---------- / \ / REST \ / IN \ / PEACE \ / \ | tromix | | 2471 Au | | killed by a | | rothe | | | | | | 2023 | *| * * * | * _________)/\\_//(\/(/\)/\//\/|_)_______ Goodbye tromix the Priest... You died in The Dungeons of Doom on dungeon level 4 with 3024 points, and 2471 pieces of gold, after 2847 moves. You were level 4 with a maximum of 27 hit points when you died.